 Dungeon Crawl Stone Soup version 0.28-b1-25-g9875b3fc8c (webtiles) character file.

Game seed: 5836617414031455206

27290 Strat the Fighter (level 13, -13/125 HPs)
             Began as a Minotaur Wanderer on Feb 2, 2022.
             Was an Initiate of Gozag.
             Mangled by an elephant (44 damage)
             ... on level 4 of the Lair of Beasts.
             The game lasted 00:22:55 (19193 turns).

Strat the Fighter (Minotaur Wanderer)              Turns: 19193, Time: 00:22:55

Health: -13/125    AC: 13    Str: 21    XL:     13   Next: 3%
Magic:  5/5        EV:  2    Int: 12    God:    Gozag
Gold:   2928       SH:  0    Dex: 11    Spells: 16/16 levels left

rFire   . . .      SeeInvis .   a - +8 trident of Proximity {antimagic, rPois Stlth+}
rCold   . . .      Faith    .   M - +0 kite shield
rNeg    . . .      Spirit   .   c - +0 scale mail
rPois   +          Reflect  .   t - +2 hat {Int+3}
rElec   .          Harm     .   s - +1 cloak {rCorr}
rCorr   +          Rampage  .   (no gloves)
Will    .....                   (no boots)
Stlth   +.........              (no amulet)
HPRegen 0.30/turn               (no ring)
MPRegen 0.09/turn               (no ring)

@: sleeping, gold aura
A: horns 2, retaliatory headbutt
a: Renounce Religion, Potion Petition, Call Merchant, Bribe Branch


You were on level 4 of the Lair of Beasts.
You worshipped Gozag.
Gozag was most pleased with you.
You visited 3 branches of the dungeon, and saw 16 of its levels.

You collected 2982 gold pieces.
You paid 54 gold pieces to Gozag.

Inventory:

Hand Weapons
 a - the +8 trident of Proximity (weapon) {antimagic, rPois Stlth+}
   (You found it on level 3 of the Dungeon)

   It reduces the magical energy of the wielder, and disrupts the spells and
   magical abilities of those it strikes.
   Natural abilities and divine invocations are not affected.
   rPois:     It protects you from poison.
   Stlth:     It makes you more stealthy.
 b - a +1 hunting sling
 u - the +9 mace "Hosiz" {elec, Str+3 Int+5}
   (You found it on level 5 of the Dungeon)

   It occasionally discharges a powerful burst of electricity upon striking a
   foe.
   Str:       It affects your strength (+3).
   Int:       It affects your intelligence (+5).
Missiles
 d - 177 sling bullets
 e - 3 silver javelins
 h - 4 poisoned darts
 k - 5 boomerangs (quivered)
 w - 372 stones
Armour
 c - a +0 scale mail (worn)
 s - a +1 cloak of preservation (worn)
 t - a +2 hat of intelligence (worn)
 M - a +0 kite shield (worn)
Jewellery
 v - a ring of magical power
 y - a ring of magical power
 F - a ring of ice
 H - an amulet of the acrobat
Wands
 z - a wand of iceblast (4)
 A - a wand of polymorph (20)
 C - a wand of digging (3)
 I - a wand of flame (9)
 K - a wand of paralysis (5)
Scrolls
 i - 2 scrolls of teleportation
 m - 8 scrolls of enchant armour
 o - 3 scrolls of immolation
 q - 2 scrolls of enchant weapon
 x - 2 scrolls of magic mapping
 D - 2 scrolls of fog
 E - 2 scrolls of identify
 J - a scroll of amnesia
 O - a scroll of summoning {unknown}
 P - a scroll of fear
Potions
 f - a potion of might
 g - 2 potions of resistance
 j - 4 potions of flight
 l - a potion of cancellation
 n - 7 potions of curing
 p - a potion of lignification
 r - 3 potions of attraction
 B - 2 potions of magic
 L - a potion of mutation
 N - a potion of haste {unknown}
 Q - a potion of ambrosia {unknown}
Miscellaneous
 G - a lightning rod (4/4)


   Skills:
 - Level 14.7 Fighting
 - Level 3.6(9.6) Axes
 - Level 13.7(14.0) Polearms
 - Level 5.0 Throwing
 - Level 10.0 Armour
 - Level 1.0 Stealth
 + Level 7.5 Shields
 - Level 2.1 Spellcasting
 - Level 1.3 Conjurations
 - Level 1.0 Earth Magic
 - Level 7.5 Evocations


You had 16 spell levels left.
You didn't know any spells.
Your spell library contained the following spells:

 Spells                   Type           Power      Damage    Failure   Level
 Magic Dart               Conj           16%        1d3       65%         1
 Sandblast                Erth           6%         2d5       71%         1
 Foxfire                  Conj/Fire      8%         2x1d4     75%         1
 Shock                    Conj/Air       8%         1d3       75%         1
 Slow                     Hex            4%         N/A       83%         1
 Static Discharge         Conj/Air       2%         N/A       87%         2
 Stone Arrow              Conj/Erth      8%         3d7       96%         3
 Conjure Flame            Conj/Fire      2%         6-21      98%         3
 Confusing Touch          Hex            1%         N/A       99%         3
 Gell's Gravitas          Tloc           1%         N/A       99%         3
 Inner Flame              Hex/Fire       1%         N/A       99%         3
 Lesser Beckoning         Tloc           1%         N/A       99%         3
 Teleport Other           Tloc           1%         N/A       99%         3
 Vampiric Draining        Necr           1%         2d6       99%         3
 Flame Wave               Conj/Fire      2%         2d4       100%        4
 Dispersal                Tloc           0%         N/A       100%        6
 Disjunction              Tloc           0%         N/A       100%        8


Dungeon Overview and Level Annotations

Branches:
Dungeon (11/15)            Temple (1/1) D:6            Lair (4/6) D:11
  Swamp (0/4) Lair:2          Orc (0/2) D:10
  Snake: Lair:2-4    Spider: Lair:2-4

Altars:
Ashenzari
Dithmenos
Gozag
Hepliaklqana
Kikubaaqudgha
Qazlal
Sif Muna
Vehumet
Wu Jian
Xom
Zin

Shops:
D:5 (

Annotations:
D:7 2 transporters, WaxSun's ghost, novice OgFE
D:10 Erolcha
Lair:3 2 transporters, Nefuv's ghost, journeyman MiBe


Innate Abilities, Weirdness & Mutations

You have a pair of horns on your head.
You reflexively headbutt those who attack you in melee.


Message History

The elephant is moderately wounded.
You hear a shout!
The elephant is distracted by your dazzling golden aura.
The elephant tramples you!
* * * LOW HITPOINT WARNING * * *
You stumble backwards!
Found a scythe.
The elephant trumpets!
You hit the elephant.
You headbutt the elephant, but do no damage.
The elephant is moderately wounded.
Something shouts, "Remove thy stench, thou unctious fool-headed horn-beast!"
The elephant tramples you.
* * * LOW HITPOINT WARNING * * *
You stumble backwards!
The yak is no longer distracted by gold.
A komodo dragon comes into view.
The komodo dragon hisses angrily.
The komodo dragon is distracted by your dazzling golden aura.
A yak comes into view.
The yak bellows!
You hear a bleat!
A yak comes into view.
The yak bellows!
The dream sheep bleats!
You hear a bellow!
You hear a bleat!
The elephant is distracted by your dazzling golden aura.
A yak comes into view. 2 dream sheep come into view.
The water moccasin hisses angrily.
The dream sheep bleats! x2
The elephant is no longer distracted by gold.
The yak is distracted by your dazzling golden aura.
The dream sheep is distracted by your dazzling golden aura.
A dream sheep comes into view.
The dream sheep shake their wool and sparkle.
You feel drowsy...
You fall asleep.
A dream sheep comes into view.
The elephant tramples you but does no damage.
The elephant trunk-slaps you but does no damage.
The dream sheep bleats! x2; The yak bellows!
The dream sheep is distracted by your dazzling golden aura.
The elephant tramples you!!!
You die...
Your body crumbles into a pile of gold.

#P..##.#...)##[.....
#....#.#....##.....
#...Y####..........
###.....###............
#.......Y.#............
...........Y............
........................
.......^.....YY.........
.............Y@.S.......
................Y.......
..l...........Y.<..Y....
...............Y..Y....
#..##.#...#......Y....
## ##...........Y.Y..
#.....P......Y...
......#....Y.....
...........Y..Y


You could see 3 elephants, 6 yaks, a water moccasin and 7 dream sheep.

Vanquished Creatures
  Gastronok (Lair:2)
  Fannar (D:11)
  A boulder beetle (D:8)
  4 hydras
  Erica (Lair:2)
  7 two-headed ogres
  A manticore (D:11)
  3 elephants (Lair:4)
  2 black mambas
  4 komodo dragons
  2 cane toads (Lair:1)
  2 trolls (D:11)
  A tyrant leech (Lair:2)
  A hornet (D:8)
  Prince Ribbit (D:6)
  A shadow (D:10)
  A wyvern (D:4)
  Sigmund (D:4)
  2 steam dragons
  34 yaks
  A basilisk (Lair:3)
  6 vampire mosquitoes (D:11)
  Menkaure (D:7)
  2 swamp worms (Lair:2)
  4 water moccasins
  A sky beast (D:8)
  6 black bears
  An ice beast (D:6)
  An orc warrior (D:7)
  16 ogres
  7 wolves
  2 centaurs (D:9)
  A phantom (D:5)
  4 bullfrogs
  3 scorpions
  A wyvern zombie (D:7)
  27 killer bees
  A wyvern skeleton (D:7)
  3 wights (D:9)
  3 electric eels
  2 howler monkeys
  2 centaur zombies
  2 hounds
  3 orc priests
  Crazy Yiuf (D:4)
  5 centaur skeletons
  A gnoll shaman (D:4)
  4 iguanas
  7 orc wizards
  Natasha (twice) (D:4)
  A killer bee zombie (D:8)
  2 ogre zombies (D:10)
  A hound zombie (D:5)
  A howler monkey skeleton (D:4)
  4 adders
  3 gnolls (D:4)
  2 ufetubi
  2 worms
  4 dart slugs
  16 orcs
  2 giant cockroaches
  9 goblins
  4 hobgoblins
  6 jackals
  3 kobolds
  3 quokkas
  6 ball pythons
  A bat (D:2)
  4 frilled lizards
  A quokka skeleton (D:4)
266 creatures vanquished.

Vanquished Creatures (others)
  3 fungi
  35 plants
38 creatures vanquished.

Grand Total: 304 creatures vanquished

Notes
Turn   | Place    | Note
-------+----------+-------------------------------------------
     0 | D:1      | Strat the Minotaur Wanderer began the quest for the Orb.
     0 | D:1      | Strat set off with the following items: a +0 club, 26
                  | stones, a +0 scale mail; and the following spells available
                  | to memorise: Magic Dart, Sandblast, Shock, Static
                  | Discharge, Stone Arrow
     0 | D:1      | Reached XP level 1. HP: 14/14 MP: 2/2
    42 | D:1      | Reached skill level 1 in Fighting
   632 | D:1      | Reached skill level 1 in Axes
   776 | D:1      | Reached XP level 2. HP: 23/23 MP: 4/4
  1093 | D:2      | Found a faded altar of an unknown god.
  1232 | D:2      | Reached XP level 3. HP: 25/28 MP: 5/5
  1942 | D:3      | Identified the +8 trident of Proximity {antimagic, rPois
                  | Stlth+}
  2906 | D:4      | Noticed Natasha
  2914 | D:4      | Killed Natasha
  2915 | D:4      | Reached XP level 4. HP: 28/35 MP: 2/6
  3015 | D:4      | Found an opulent altar of Gozag.
  3016 | D:4      | Noticed Sigmund
  3103 | D:4      | Found a broken altar of Ashenzari.
  3355 | D:4      | Killed Sigmund
  3356 | D:4      | Reached skill level 5 in Polearms
  3356 | D:4      | Reached XP level 5. HP: 3/40 MP: 2/7
  3653 | D:4      | Became a worshipper of Gozag Ym Sagoz the Greedy
  3662 | D:4      | Reached XP level 6. HP: 37/48 MP: 2/8
  3669 | D:4      | Reached skill level 2 in Fighting
  4051 | D:4      | Reached skill level 3 in Fighting
  4114 | D:4      | Noticed Natasha
  4123 | D:4      | Killed Natasha
  4262 | D:4      | Found a stormy altar of Qazlal.
  4297 | D:4      | Noticed a wyvern
  4312 | D:4      | Killed a wyvern
  4313 | D:4      | Reached XP level 7. HP: 7/57 MP: 3/9
  4692 | D:4      | Found a runed translucent door.
  4693 | D:4      | Noticed Crazy Yiuf
  4795 | D:4      | Killed Crazy Yiuf
  4898 | D:5      | Entered Level 5 of the Dungeon
  5643 | D:5      | Identified the +9 mace "Hosiz" {elec, Str+3 Int+5}
  5842 | D:5      | Found Iploos's Weapon Boutique.
  5887 | D:5      | Reached XP level 8. HP: 58/63 MP: 3/10
  6653 | D:6      | Noticed Prince Ribbit
  6671 | D:6      | Killed Prince Ribbit
  6672 | D:6      | Reached skill level 10 in Polearms
  6811 | D:6      | Found a staircase to the Ecumenical Temple.
  6830 | Temple   | Entered the Ecumenical Temple
  6965 | D:6      | Reached skill level 5 in Armour
  7176 | D:6      | Found an ancient bone altar of Kikubaaqudgha.
  7305 | D:7      | Found a hazy altar of Hepliaklqana.
  7443 | D:7      | Found a transporter.
  7697 | D:7      | Reached XP level 9. HP: 64/69 MP: 3/11
  7888 | D:7      | Noticed WaxSun's ghost (novice OgFE)
  7895 | D:7      | Found a transporter.
  7921 | D:7      | Noticed a moth of wrath
  7940 | D:7      | Found a shimmering blue altar of Sif Muna.
  7949 | D:7      | Noticed Menkaure
  7960 | D:7      | Killed Menkaure
  8858 | D:8      | Noticed a boulder beetle
  9309 | D:8      | Killed a boulder beetle
  9547 | D:8      | Found an ornate altar of the Wu Jian Council.
  9594 | D:8      | Reached XP level 10. HP: 16/77 MP: 4/12
 10280 | D:9      | Reached skill level 10 in Armour
 10299 | D:9      | Reached skill level 4 in Fighting
 10458 | D:9      | Found the +2 ratskin cloak {*Rats rPois rN+ Str-1 Int-1
                  | Dex+1}
 10625 | D:9      | Reached skill level 5 in Fighting
 11366 | D:10     | Entered Level 10 of the Dungeon
 11366 | D:10     | Found a staircase to the Orcish Mines.
 11375 | D:10     | Reached skill level 6 in Fighting
 11392 | D:10     | Found a shadowy altar of Dithmenos.
 11812 | D:10     | Reached skill level 7 in Fighting
 11915 | D:10     | Reached skill level 5 in Evocations
 11977 | D:10     | Noticed a two-headed ogre
 11978 | D:10     | Noticed a two-headed ogre
 12013 | D:10     | Killed a two-headed ogre
 12014 | D:10     | Reached skill level 8 in Fighting
 12014 | D:10     | Reached XP level 11. HP: 91/95 MP: 4/13
 12027 | D:10     | Noticed a two-headed ogre
 12033 | D:10     | Killed a two-headed ogre
 12034 | D:10     | Reached skill level 9 in Fighting
 12118 | D:10     | HP: 4/97 [two-headed ogre (13)]
 12667 | D:10     | Noticed a two-headed ogre
 12669 | D:10     | Noticed a two-headed ogre
 12687 | D:10     | Killed a two-headed ogre
 12688 | D:10     | Reached skill level 10 in Fighting
 12696 | D:10     | Reached skill level 1 in Throwing
 12705 | D:10     | Noticed Erolcha
 12942 | D:11     | Noticed a two-headed ogre
 12959 | D:11     | Killed a two-headed ogre
 13087 | D:11     | Noticed Fannar
 13116 | D:11     | Killed Fannar
 13117 | D:11     | Reached skill level 11 in Fighting
 13728 | D:11     | Noticed a two-headed ogre
 13740 | D:11     | Killed a two-headed ogre
 13741 | D:11     | Reached skill level 5 in Throwing
 13796 | D:11     | Found a staircase to the Lair.
 14008 | D:11     | Reached skill level 12 in Fighting
 14313 | D:11     | Noticed a four-headed hydra
 14321 | D:11     | Killed a four-headed hydra
 14517 | D:10     | Noticed a two-headed ogre
 14541 | D:10     | Killed a two-headed ogre
 14709 | D:10     | Killed a two-headed ogre
 14710 | D:10     | Reached skill level 13 in Fighting
 14710 | D:10     | Reached XP level 12. HP: 110/115 MP: 4/14
 15106 | Lair:1   | Entered Level 1 of the Lair of Beasts
 15326 | Lair:1   | Noticed a six-headed hydra
 15345 | Lair:1   | Killed a six-headed hydra
 16309 | Lair:2   | Reached skill level 14 in Fighting
 16547 | Lair:2   | Noticed Gastronok
 16589 | Lair:1   | HP: 2/117 [cane toad (13)]
 17003 | Lair:2   | Killed Gastronok
 17335 | Lair:2   | Noticed Erica
 17348 | Lair:2   | Killed Erica
 17440 | Lair:2   | Reached skill level 1 in Shields
 18091 | Lair:2   | Noticed a five-headed hydra
 18102 | Lair:2   | Killed a five-headed hydra
 18141 | Lair:2   | Found a staircase to the Swamp.
 18150 | Lair:2   | Reached skill level 5 in Shields
 18153 | Lair:2   | Noticed a four-headed hydra
 18160 | Lair:2   | Killed a four-headed hydra
 18396 | Lair:3   | Identified the +1 leather armour of Generosity {Str+3 Dex+4
                  | Stlth-}
 18446 | Lair:3   | Found a transporter.
 18452 | Lair:3   | Found a transporter.
 18453 | Lair:3   | Noticed Nefuv's ghost (journeyman MiBe)
 18462 | Lair:3   | Noticed a catoblepas
 19145 | Lair:4   | Reached XP level 13. HP: 56/125 MP: 5/15
 19193 | Lair:4   | Mangled by an elephant

Illustrated notes

Levels and vault maps discovered:
D:1:      dpeg_arrival_short_road, layout_basic, serial_rivers,
          chequers_serial_rivers_micro_a, chequers_serial_rivers_small_a,
          chequers_serial_rivers_micro_a, chequers_serial_rivers_micro_b,
          chequers_serial_rivers_micro_e, chequers_serial_rivers_micro_e
D:2:      layout_loops_ring, hellmonk_ecumenical_altar_arch_garden
D:3:      layout_basic
D:4:      layout_loops_cross, nicolae_overflow_crystal_walls,
          mainiacjoe_overflow_paths, mainiacjoe_overflow_alcove_2,
          uniq_crazy_yiuf_cottage, uniq_sigmund, uniq_natasha
D:5:      wander_river, layout_basic, serial_shops, shop, grunt_decor_fettered
D:6:      layout_cave_pools, mainiacjoe_overflow_alcove_1,
          minmay_temple_entry_offerings, uniq_prince_ribbit1
D:7:      layout_layer_cave, mainiacjoe_overflow_catch_the_wave,
          gammafunk_ghost_berserking_beasts, enter_bailey_7, uniq_menkaure
D:8:      layout_basic, lemuel_doored_altar, serial_bayou, serial_bayou_shore_b,
          serial_bayou_pond_a, serial_bayou_shore_a, serial_bayou_pond_c,
          minivault_23, minmay_microvault
D:9:      layout_roguey
D:10:     lemuel_ogre_cave, layout_stronghold,
          grunt_dithmenos_smoke_and_mirrors, orc_0_dummy
D:11:     layout_roguey, lair_entry_dummy, uniq_fannar
Temple:   eino_temple_water
Lair:1:   layout_chaotic_city
Lair:2:   layout_big_grid, palyth_hydra_swamp_entry, serial_bayou_pond_b,
          uniq_gastronok, uniq_erica
Lair:3:   layout_loops_ring, nzn_ghost_randoct
Lair:4:   layout_hall_layers, nicolae_spider_entry_non_spiders,
          portal_ice_cave_entry_imps

Skill      XL: |  1  2  3  4  5  6  7  8  9 10 11 12 |
---------------+-------------------------------------+-----
Fighting       | 1 3 8 13 14 | 14.7
Axes           | 1 2 3 |  3.6
Polearms       | 2 5 7 9 11 13 | 13.7
Armour         | 6 9 10 | 10.0
Evocations     | 5 7 |  7.5
Throwing       | 5 |  5.0
Shields        | 7 |  7.5
Stealth        | |  1.0
Spellcasting   | |  2.1
Conjurations   | |  1.3
Earth Magic    | |  1.0

Action                   |  1- 3 |  4- 6 |  7- 9 | 10-12 | 13-15 || total
-------------------------+-------+-------+-------+-------+-------++-------
Melee: Club              |    18 |       |       |       |       ||    18
       Hand axe          |    62 |       |       |       |       ||    62
       Headbutt          |     9 |     3 |    37 |   109 |     8 ||   166
       Trident           |    14 |    66 |   233 |   600 |    15 ||   928
       Punch             |       |       |     4 |     4 |       ||     8
 Fire: Hunting sling     |       |       |    15 |       |       ||    15
Throw: Boomerang         |       |       |       |    12 |       ||    12
Evoke: Wand              |       |       |     5 |    10 |     1 ||    16
  Use: Scroll            |       |     2 |    17 |     4 |       ||    23
       Potion            |       |       |       |     3 |       ||     3
 Stab: Paralysed         |       |       |     8 |       |       ||     8
       Sleeping          |       |       |       |     2 |       ||     2
       Distracted        |       |       |       |     2 |       ||     2
Armor: Scale mail        |    32 |    23 |    68 |   121 |     4 ||   248
Dodge: Dodged            |    33 |    21 |    66 |   185 |     1 ||   306
Block: Kite shield       |       |       |       |    14 |     5 ||    19
